 Dungeon Crawl Stone Soup version 0.31-a0-876-gfe8ebadbca (webtiles) character file.

Game seed: 3432762689414186360

134 croobank the Cleaver (level 5, -3/36 HPs)
             Began as a Gnoll Wanderer on Oct 13, 2023.
             Was a Believer of Hepliaklqana.
             Slain by a river rat (5 damage)
             ... on level 3 of the Dungeon.
             The game lasted 00:04:08 (1621 turns).

croobank the Cleaver (Gnoll Wanderer)               Turns: 1621, Time: 00:04:09

Health: -3/36      AC:  7    Str: 17    XL:     5   Next: 17%
Magic:  7/7        EV:  9    Int: 11    God:    Hepliaklqana [**....]
Gold:   85         SH:  0    Dex:  8    Spells: 6/6 levels left

rFire   . . .        a - +0 war axe
rCold   . . .        (no shield)
rNeg    . . .        c - +0 scale mail
rPois   .            (no helmet)
rElec   .            (no cloak)
rCorr   .            (no gloves)
SInv    .            (no boots)
Will    .....        (no amulet) Stlth
                     (no ring)
HPRegen 0.26/turn    (no ring)
MPRegen 0.10/turn

%: no passive effects
@: very slow
A: reduced essence, fangs 1, strong nose, distributed training
a: Renounce Religion, Recall Ancestor, Ancestor Identity


You were on level 3 of the Dungeon.
You worshipped Hepliaklqana.
Hepliaklqana was pleased with you.
You visited 1 branch of the dungeon, and saw 3 of its levels.

You collected 85 gold pieces.

Inventory:

Hand Weapons
 a - a +0 war axe (weapon)
 b - a +0 orcbow
 e - a +0 quarterstaff
 f - a +4 dagger of freezing
 i - a +0 falchion
 q - a +1 dagger of flaming
Missiles
 j - 4 atropa-tipped darts
 m - 4 boomerangs
Armour
 c - a +0 scale mail (worn)
Scrolls
 t - a scroll of acquirement {unknown}
Potions
 h - a potion of magic {unknown}
 l - a potion of lignification {unknown}
 n - a potion of haste {unknown}
 r - a potion of attraction {unknown}
 s - a potion of curing {unknown}


   Skills:
 + Level 2.9 Fighting
 + Level 1.4 Short Blades
 + Level 4.7 Long Blades
 + Level 8.6 Axes
 + Level 1.4 Maces & Flails
 + Level 1.4 Polearms
 + Level 1.4 Staves
 + Level 1.4 Ranged Weapons
 + Level 1.4 Throwing
 + Level 4.7 Armour
 + Level 1.4 Dodging
 + Level 1.4 Stealth
 + Level 1.4 Shields
 + Level 1.4 Unarmed Combat
 + Level 1.4 Spellcasting
 + Level 1.1 Conjurations
 + Level 1.1 Hexes
 + Level 1.1 Summonings
 + Level 1.1 Necromancy
 + Level 1.1 Translocations
 + Level 1.1 Transmutations
 + Level 1.1 Fire Magic
 + Level 1.1 Ice Magic
 + Level 1.1 Air Magic
 + Level 1.1 Earth Magic
 + Level 1.1 Poison Magic
 + Level 1.6 Invocations
 + Level 2.9 Evocations
 + Level 1.3 Shapeshifting


You had 6 spell levels left.
You didn't know any spells.
Your spell library contained the following spells:

 Spells                   Type           Power      Damage    Failure   Level
 Tukima's Dance           Hex            3%         N/A       88%         3
 Passage of Golubria      Tloc           3%         N/A       99%         4
 Yara's Violent Unravell  Hex/Tmut       1%         3d3       100%        5


Dungeon Overview and Level Annotations

Branches:
Dungeon (3/15)

Altars:
Hepliaklqana

Portals:
Sewer: D:3

Annotations:
D:3 Grinder


Innate Abilities, Weirdness & Mutations

Your life essence is reduced to manifest your ancestor. (-10% HP)
You have very sharp teeth.
Your uncanny sense of smell can sniff out nearby items.
Your experience applies equally to all skills.


Message History

The river rat is heavily wounded.
You hit the worm. You closely miss the river rat. You hit the orc.
You hit the river rat. The orc hits you with a +0 hand axe.
The river rat completely misses you. The river rat barely misses you.
The river rat closely misses you. The worm bites you.
* * * LOW HITPOINT WARNING * * *
As you read the scroll labelled POWNUH JITU, it crumbles to dust.
It is a scroll of identify.
g - a potion of ambrosia The orc closely misses you.
The river rat closely misses you. The river rat barely misses you. x2
You are confused.
You feel invigorated.
The orc splashes around in the water.
The worm bites you.
* * * LOW HITPOINT WARNING * * *
The river rat barely misses you.
The river rat bites you but does no damage. x2
Your unstable footing causes you to fumble your attack.
The orc hits you with a +0 hand axe.
The river rat bites you but does no damage.
The river rat barely misses you. x2; The worm barely misses you.
You barely miss the worm.
The worm is severely wounded.
You hit the river rat. You closely miss the river rat. You miss the orc.
You miss the river rat.
You feel less invigorated.
You feel less confused. The orc hits you but does no damage.
The river rat bites you but does no damage. x2
The river rat bites you.
Your unstable footing causes you to fumble your attack.
The orc hits you with a +0 hand axe.
* * * LOW HITPOINT WARNING * * *
The river rat bites you.
* * * LOW HITPOINT WARNING * * *
The river rat closely misses you. The river rat barely misses you.
The worm splashes around in the water.
Your unstable footing causes you to fumble your attack.
The orc splashes around in the water.
The river rat bites you.
* * * LOW HITPOINT WARNING * * *
The river rat barely misses you. The river rat bites you.
You die...

####..##
##......###
#.........#
#.........#
#...~~~...#
#..~~~~~..#
#..~rrr~..##
#..~~@†~...#
#...~wo....#
#...........#
#...........#
#.##........#
# .$########
##. #.


You could see a worm, 3 river rats and an orc.

Vanquished Creatures
  A scorpion (D:2)
  An adder (D:2)
  5 ball pythons
  10 endoplasms
  3 giant cockroaches
  A hobgoblin (D:1)
  2 jackals (D:2)
  2 quokkas
  4 bats
  6 frilled lizards
  2 goblins
  4 kobolds
  5 rats
46 creatures vanquished.

Vanquished Creatures (collateral kills)
  A gnoll (D:3)
  An endoplasm (D:2)
  A giant cockroach (D:2)
  A hobgoblin (D:2)
  A kobold (D:2)
  A ball python (D:2)
  A rat (D:2)
7 creatures vanquished.

Grand Total: 53 creatures vanquished

Notes
Turn   | Place    | Note
-------+----------+-------------------------------------------
     0 | D:1      | croobank the Gnoll Wanderer began the quest for the Orb.
     0 | D:1      | croobank set off with the following items: a +0 war axe, a
                  | +0 falchion, a +0 scale mail, a potion of heal wounds.
     0 | D:1      | Reached XP level 1. HP: 17/17 MP: 1/1
    81 | D:1      | Reached XP level 2. HP: 20/23 MP: 2/2
   401 | D:1      | Reached XP level 3. HP: 28/28 MP: 3/3
   401 | D:1      | Found a faded altar of an unknown god.
   424 | D:1      | Prayed at the altar of an unknown god.
   424 | D:1      | Became a worshipper of Hepliaklqana the Forgotten
   424 | D:1      | Reached * piety under Hepliaklqana
   661 | D:2      | Reached skill level 1 in Invocations
   822 | D:2      | Noticed a scorpion
   833 | D:2      | Killed a scorpion
   834 | D:2      | Reached skill level 1 in Short Blades
   834 | D:2      | Reached skill level 1 in Maces & Flails
   834 | D:2      | Reached skill level 1 in Polearms
   834 | D:2      | Reached skill level 1 in Staves
   834 | D:2      | Reached skill level 1 in Ranged Weapons
   834 | D:2      | Reached skill level 1 in Throwing
   834 | D:2      | Reached skill level 1 in Dodging
   834 | D:2      | Reached skill level 1 in Stealth
   834 | D:2      | Reached skill level 1 in Shields
   834 | D:2      | Reached skill level 1 in Unarmed Combat
   834 | D:2      | Reached skill level 1 in Spellcasting
   834 | D:2      | Reached skill level 1 in Conjurations
   834 | D:2      | Reached skill level 1 in Hexes
   834 | D:2      | Reached skill level 1 in Summonings
   834 | D:2      | Reached skill level 1 in Necromancy
   834 | D:2      | Reached skill level 1 in Translocations
   834 | D:2      | Reached skill level 1 in Transmutations
   834 | D:2      | Reached skill level 1 in Fire Magic
   834 | D:2      | Reached skill level 1 in Ice Magic
   834 | D:2      | Reached skill level 1 in Air Magic
   834 | D:2      | Reached skill level 1 in Earth Magic
   834 | D:2      | Reached skill level 1 in Poison Magic
   834 | D:2      | Reached skill level 1 in Shapeshifting
   834 | D:2      | Reached XP level 4. HP: 24/30 MP: 5/5
   990 | D:2      | Reached XP level 5. HP: 36/36 MP: 6/6
  1148 | D:2      | Reached ** piety under Hepliaklqana
  1149 | D:2      | Remembered your ancestor Cipactli as a battlemage
  1594 | D:3      | Noticed Grinder
  1602 | D:3      | Found a glowing drain.
  1621 | D:3      | Slain by a river rat

Illustrated notes

Levels and vault maps discovered:
D:1:      tarquinn_simple_flora_water_b, layout_rooms,
          hellmonk_ecumenical_altar_lost_god
D:2:      layout_basic
D:3:      minmay_evil_eye, layout_loops_ring, mainiacjoe_overflow_alcove_3,
          portal_sewer_entry_a, grunt_ministairs_10, minivault_14, uniq_grinder

Skill      XL: |  1  2  3 |
---------------+----------+-----
Invocations    | 1 |  1.6
Short Blades   | 1 |  1.4
Maces & Flails | 1 |  1.4
Polearms       | 1 |  1.4
Staves         | 1 |  1.4
Ranged Weapons | 1 |  1.4
Throwing       | 1 |  1.4
Dodging        | 1 |  1.4
Stealth        | 1 |  1.4
Shields        | 1 |  1.4
Unarmed Combat | 1 |  1.4
Spellcasting   | 1 |  1.4
Conjurations   | 1 |  1.1
Hexes          | 1 |  1.1
Summonings     | 1 |  1.1
Necromancy     | 1 |  1.1
Translocations | 1 |  1.1
Transmutations | 1 |  1.1
Fire Magic     | 1 |  1.1
Ice Magic      | 1 |  1.1
Air Magic      | 1 |  1.1
Earth Magic    | 1 |  1.1
Poison Magic   | 1 |  1.1
Shapeshifting  | 1 |  1.3
Fighting       | |  2.9
Long Blades    | |  4.7
Axes           | |  8.6
Armour         | |  4.7
Evocations     | |  2.9

Action                     |  1- 3 |  4- 6 || total
---------------------------+-------+-------++-------
  Melee: War axe           |    96 |    35 ||   131
         Bite              |     4 |     3 ||     7
         Punch             |     1 |       ||     1
   Fire: Orcbow            |     3 |       ||     3
 Invoke: Ancestor Life: Ba |       |     1 ||     1
    Use: Scroll            |       |     3 ||     3
         Potion            |       |     2 ||     2
   Stab: Distracted        |       |     1 ||     1
 Armour: Scale mail        |    69 |    56 ||   125
  Dodge: Dodged            |    52 |    43 ||    95

Table legend: (Time is in decaauts)
 A = Elapsed time spent in this place.
 B = Non-inter-level travel time spent in this place.
 C = Inter-level travel time spent in this place.
 D = Time resting spent in this place.
 E = Time spent auto-exploring this place.
 F = Levels seen in this place.
 G = Mean time per level.
                   A        B        C        D        E       F      G
               +--------+--------+--------+--------+--------+-----+--------+
         Total |   1630 |   1557 |     73 |     18 |   1185 |   3 |  543.3 |
       Dungeon |   1630 |   1557 |     73 |     18 |   1185 |   3 |  543.3 |
               +--------+--------+--------+--------+--------+-----+--------+

Top non-repeatable levels by time:
     D:2: 1002 daAuts
     D:1: 600 daAuts
     D:3: 28 daAuts
